 Dungeon Crawl Stone Soup version 0.18.1-2-ga659475 (webtiles) character file.

2180 SkaryMonk the Basher (level 9, -3/82 HPs)
             Began as an Ogre Hunter on May 6, 2016.
             Was a Priest of Zin.
             Slain by a troll (13 damage)
             ... on level 6 of the Dungeon on May 8, 2016.
             The game lasted 00:25:10 (7229 turns).

SkaryMonk the Basher (Ogre Hunter)                  Turns: 7229, Time: 00:25:12

Health: -3/82      AC:  7    Str: 20    XL:     9   Next: 33%
Magic:  18/18      EV: 10    Int: 12    God:    Zin [***...]
Gold:   43         SH:  0    Dex: 13    Spells: 0 memorised, 8 levels left

rFire  . . .     SeeInvis .     n - +0 giant club
rCold  + . .     Gourm    .     q - +2 robe {rC+}
rNeg   . . .     Faith    .     (shield currently unavailable)
rPois  ∞         Spirit   .     (helmet restricted)
rElec  .         Dismiss  .     g - +0 cloak
rCorr  .         Reflect  .     (gloves unavailable)
SustAt .         Harm     .     (boots unavailable)
MR     .....                    (no amulet)
Stlth  +.........               o - ring of magical power
                                (no ring)

@: vitalised, not resistant to hostile enchantments, very unstealthy
A: unfitting armour, rugged brown scales 1, tough skin 1
a: Recite, Vitalisation, Imprison, Donate Gold, Renounce Religion


You were on level 6 of the Dungeon.
You worshipped Zin.
Zin was most pleased with you.
You were hungry.

You visited 1 branch of the dungeon, and saw 6 of its levels.
You also visited: Sewer.

You collected 243 gold pieces.
You spent 176 gold pieces at shops.
You donated 24 gold pieces to Zin.

Notes
Turn   | Place    | Note
--------------------------------------------------------------
     0 | D:1      | SkaryMonk the Ogre Hunter began the quest for the Orb.
     0 | D:1      | Reached XP level 1. HP: 22/22 MP: 1/1
   148 | D:1      | Reached skill level 1 in Maces & Flails
   230 | D:1      | Reached skill level 2 in Maces & Flails
   230 | D:1      | Reached XP level 2. HP: 24/29 MP: 2/2
   584 | D:1      | Reached skill level 3 in Maces & Flails
   821 | D:2      | Reached XP level 3. HP: 18/36 MP: 3/3
   989 | D:2      | Reached skill level 4 in Maces & Flails
  1412 | D:2      | Reached XP level 4. HP: 42/44 MP: 4/4
  1459 | D:2      | Reached skill level 5 in Maces & Flails
  1493 | D:2      | HP: 2/44 [gnoll/spear (2)]
  1796 | D:2      | Reached XP level 5. HP: 50/50 MP: 5/5
  1908 | D:2      | Found a glowing silver altar of Zin.
  1914 | D:2      | Upgraded the game from 0.18.1-1-g2f07953 to 0.18.1-2-ga659475
  1914 | D:2      | Became a worshipper of Zin the Law-Giver
  1928 | D:2      | Reached skill level 6 in Maces & Flails
  2094 | D:2      | Found a white marble altar of Elyvilon.
  2141 | D:2      | Found a bloodstained altar of Trog.
  2190 | D:2      | Found a basalt altar of Yredelemnul.
  2460 | D:3      | Reached * piety under Zin
  2498 | D:3      | Noticed Purgy
  2512 | D:3      | Killed Purgy
  2512 | D:3      | Reached skill level 7 in Maces & Flails
  2512 | D:3      | Reached XP level 6. HP: 31/59 MP: 6/6
  2828 | D:3      | Noticed Jessica
  2839 | D:3      | Killed Jessica
  2839 | D:3      | Reached skill level 8 in Maces & Flails
  2851 | D:3      | Reached ** piety under Zin
  2965 | D:3      | Found an iron altar of Okawaru.
  3168 | D:4      | Found a shadowy altar of Dithmenos.
  3269 | D:4      | Noticed CcS's ghost (amateur MiBe)
  3638 | D:4      | Noticed a phantom
  3736 | D:4      | Gained mutation: You are partially covered in rugged brown scales (AC +1, +3% HP). [potion of beneficial mutation]
  3740 | D:4      | Killed CcS's ghost
  3740 | D:4      | Reached skill level 9 in Maces & Flails
  3740 | D:4      | Reached XP level 7. HP: 46/67 MP: 7/7
  3752 | D:4      | Found an ancient bone altar of Kikubaaqudgha.
  4158 | D:4      | Found Jihiat's Antique Armour Shoppe.
  4247 | D:4      | Reached skill level 10 in Maces & Flails
  4674 | D:4      | Noticed Pikel
  4739 | D:4      | Killed Pikel
  4739 | D:4      | Reached skill level 12 in Maces & Flails
  4739 | D:4      | Reached XP level 8. HP: 28/76 MP: 8/8
  5104 | D:4      | Found a sparkling altar of Nemelex Xobeh.
  5210 | D:5      | Entered Level 5 of the Dungeon
  5468 | D:5      | Reached skill level 13 in Maces & Flails
  5728 | D:5      | Reached XP level 9. HP: 50/82 MP: 9/9
  5977 | D:5      | Reached skill level 14 in Maces & Flails
  6072 | D:5      | Reached *** piety under Zin
  6094 | D:5      | Found an opulent altar of Gozag.
  6101 | D:5      | Found a stormy altar of Qazlal.
  6101 | D:5      | Found a blossoming altar of Fedhas.
  6126 | D:5      | Found an oddly glowing altar of Pakellas.
  6128 | D:5      | Found a snail-covered altar of Cheibriados.
  6358 | D:6      | Found a glowing drain.
  6373 | Sewer    | Entered a sewer
  7098 | D:4      | Bought a faintly glowing robe for 176 gold pieces
  7192 | D:6      | Noticed a troll
  7229 | D:6      | Slain by a troll

Inventory:

Hand Weapons
 e - a +0 mace
 i - a +1 whip of flaming
 l - a +0 whip
 n - a +0 giant club (weapon)
 y - a +0 flail
 F - a +0 giant spiked club
Missiles
 c - 5 large rocks
 d - 2 throwing nets
 A - 2 tomahawks (quivered)
Armour
 b - a +0 robe
 g - a +0 cloak (worn)
 q - a +2 robe of cold resistance (worn)
 u - the cursed +1 robe of Hexelosm {rN+ rCorr Str-2, unknown}
   (You bought it in a shop on level 4 of the Dungeon)

   It affects your strength (-2).
   It protects you from negative energy.
   It protects you from acid and corrosion.
   It has a curse placed upon it.
Jewellery
 m - a +2 ring of protection {unknown}
 o - a ring of magical power (right hand)
Wands
 x - a wand of iceblast (12/15)
 B - a wand of slowing (25/48)
Scrolls
 a - a scroll of identify
 j - 2 scrolls of teleportation
 k - a scroll of amnesia
 p - a scroll of blinking
 r - 2 scrolls of fear
 w - a scroll of fog
 C - a scroll of magic mapping
Potions
 t - 3 potions of curing
 z - a potion of heal wounds
 D - a potion of might
 E - 2 potions of flight
Books
 s - a book of Burglary

   Spells                             Type                      Level
   a - Swiftness                      Charms/Air                   2
   b - Passwall                       Transmutation/Earth          2
   c - Passage of Golubria            Translocation                4
   d - Lee's Rapid Deconstruction     Earth                        5
   e - Darkness                       Hexes                        6
   f - Invisibility                   Hexes                        6
Comestibles
 f - 3 bread rations
 h - a meat ration
 v - 2 fruits

Table legend:
 A = Turns spent in this place as a percentage of turns spent in the entire game.
 B = Non-inter-level travel turns spent in this place as a percentage of non-inter-level travel turns spent in the entire game.
 C = Inter-level travel turns spent in this place as a percentage of turns spent in this place.
 D = Turns resting spent in this place as a percentage of non-inter-level travel turns spent in this place.
 E = Turns spent auto-exploring this place as a percentage of non-inter-level travel turns spent in this place.
 F = Non-inter-level travel turns spent in this place divided by the number of levels of this place that you've seen.
                   A       B       C       D       E      F
               +-------+-------+-------+-------+-------+----------------------
         Total | 100.0 | 100.0 |   0.8 |   1.6 |   9.1 | 280.6
       Dungeon |  92.0 |  91.9 |   0.8 |   1.6 |   9.1 | 300.8
         Sewer |   8.0 |   8.1 |   0.0 |   1.9 |   9.4 | 159.0
               +-------+-------+-------+-------+-------+----------------------


   Skills:
 - Level 2.6 Fighting
 + Level 14.7 Maces & Flails
 - Level 4.0 Throwing
 - Level 1.7 Dodging
 - Level 0.7 Stealth


You had 8 spell levels left.
You didn't know any spells.

Dungeon Overview and Level Annotations

Branches:
Dungeon (6/15)
 Temple: D:4-7

Altars:
Cheibriados
Dithmenos
Elyvilon
Fedhas
Gozag
Kikubaaqudgha
Nemelex Xobeh
Okawaru
Pakellas
Qazlal
Trog
Yredelemnul
Zin

Shops:
D:4 [


Innate Abilities, Weirdness & Mutations

You are too large for most types of armour.
You have tough skin (AC +1).
You are partially covered in rugged brown scales (AC +1, +3% HP).


Message History

You have got your breath back.
The troll bites you. The troll claws you.
The troll claws you but does no damage.
You barely miss the troll.
The troll is almost dead.
The troll closely misses you. The troll claws you!
* * * LOW HITPOINT WARNING * * *
The troll closely misses you.
You are too injured to fight recklessly!
Drink which item? (? for menu, Esc to quit)
You feel much better. The troll bites you!
The troll claws you but does no damage. The troll claws you.
You hit the troll but do no damage.
The troll is severely wounded.
The troll bites you!
* * * LOW HITPOINT WARNING * * *
The troll claws you.
* * * LOW HITPOINT WARNING * * *
The troll claws you!
You die...

*,,,,,,,,,,,,* *,,,*
**,,,,,,,,,,***#######*****,***
**,,,**,.$** *.......*,,,,,* *
**,*****#.* *.......*,***** *
##,,* #>* *.......*,* * #.,**
#.## *.......*,* *
###.########..# *.......*,* *
..........###.###.......*,* *
..............ZT@.......#,* *
............#J.##.......#,* *
......?.....##..#.......#,###****
......<.......#.#######.#....,,,,
....[.......#..Z...###.....#****,
............###..T.##$.....##****
.................#...)#.....[,,,,
..........####.......†)......,,*,
###############..#...........,,,,


You could see a troll, a jelly and a giant frog zombie.

Table legend:
 A = Kills in this place as a percentage of kills in entire the game.
 B = Kills by you in this place as a percentage of kills by you in the entire game.
 C = Kills by friends in this place as a percentage of kills by friends in the entire game.
 D = Other kills in this place as a percentage of other kills in the entire game.
 E = Experience gained in this place as a percentage of experience gained in the entire game.
 F = Experience gained in this place divided by the number of levels of this place that you have seen.
                   A       B       C       D       E      F
               +-------+-------+-------+-------+-------+----------------------
         Total | 100.0 | 100.0 |  -nan |  -nan | 100.0 | 445.0
       Dungeon |  88.2 |  88.2 |  -nan |  -nan |  95.2 | 494.5
         Sewer |  11.8 |  11.8 |  -nan |  -nan |   4.8 | 148.0
               +-------+-------+-------+-------+-------+----------------------

Vanquished Creatures
  Pikel (D:4)
  The ghost of CcS the Chopper, an amateur MiBe of Trog (D:4)
  Purgy (D:3)
  An ice beast (D:5)
  A sky beast (D:5)
  A phantom (D:4)
  2 ogres (D:5)
  A big kobold (Sewer)
  A scorpion (D:5)
  A howler monkey (D:5)
  A crimson imp (D:5)
  A quasit (D:5)
  A centaur skeleton (D:4)
  2 hounds
  3 orc priests (D:5)
  A jelly (D:5)
  3 orc wizards (D:5)
  A giant frog skeleton (D:4)
  Jessica (D:3)
  5 worker ants
  A hound zombie (D:5)
  A hound skeleton (D:3)
  A worker ant zombie (D:5)
  4 gnolls (D:2)
  13 adders
  2 river rats (D:6)
  2 oozes (D:4)
  6 worms
  A dart slug (D:2)
  8 giant geckos
  13 orcs
  8 ball pythons
  3 giant cockroaches
  8 goblins
  7 hobgoblins
  4 jackals
  18 kobolds
  2 quokkas
  8 bats
  4 giant newts
  9 rats
153 creatures vanquished.

Vanquished Creatures (others)
  An ogre (D:4)
  2 adders (D:4)
  A ball python (D:4)
4 creatures vanquished.

Grand Total: 157 creatures vanquished

Action                   |  1- 3 |  4- 6 |  7- 9 || total
-------------------------+-------+-------+-------++-------
Melee: Club              |    34 |       |       ||    34
       Short sword       |     7 |       |       ||     7
       Whip              |   125 |   209 |   242 ||   576
       Mace              |       |       |    37 ||    37
       Giant club        |       |       |   125 ||   125
Throw: Large rock        |     3 |    14 |     9 ||    26
       Tomahawk          |     5 |    18 |    14 ||    37
       Throwing net      |       |     2 |       ||     2
Invok: Recite            |       |       |     3 ||     3
       Vitalisation      |       |       |     1 ||     1
  Use: Scroll            |     5 |     1 |     7 ||    13
       Potion            |       |     5 |     1 ||     6
 Stab: Sleeping          |     1 |     1 |     2 ||     4
  Eat: Chunk             |     2 |     3 |     5 ||    10
       Meat ration       |       |     1 |     1 ||     2
Armor: Robe              |    55 |    53 |   106 ||   214
Dodge: Dodged            |    86 |   104 |   142 ||   332

Vault maps used:
D:1:      dpeg_arrival_round_c
D:2:      kennysheep_ying_yang, zin_statuary, lemuel_round_altar, minivault_24,
          st_stairs_4
D:3:      nicolae_overflow_hidden_temple, old_standard_altar, uniq_jessica,
          uniq_purgy
D:4:      overflow_temple_1_default, lemuel_doored_altar, first_bread,
          serial_shops, shop, grunt_ministairs_8, nemelex_diamond_rough_becter,
          uniq_pikel
D:5:      minitemple
D:6:      portal_sewer_entry_e
Sewer:    sewer_co_15_rooms
